 Dungeon Crawl Stone Soup version 0.29-a0-337-g68df138881 (webtiles) character file.

Game seed: 1879099570858900907

85 Jortsu the Skirmisher (level 4, -5/29 HPs)
             Began as a Gargoyle Fighter on Apr 17, 2022.
             Was a Believer of Cheibriados.
             Slain by a gnoll
             ... wielding a +0 flail
              (8 damage)
             ... on level 2 of the Dungeon.
             The game lasted 00:02:43 (2155 turns).

Jortsu the Skirmisher (Gargoyle Fighter)            Turns: 2155, Time: 00:02:44

Health: -5/29      AC: 13    Str: 26    XL:     4   Next: 48%
Magic:  4/4        EV:  8    Int: 14    God:    Cheibriados [**....]
Gold:   98         SH:  5    Dex: 14    Spells: 3/3 levels left

rFire   . . .      SeeInvis .   a - +0 flail
rCold   . . .      Faith    .   c - +0 buckler
rNeg    + . .      Spirit   .   o - +0 chain mail
rPois   ∞          Reflect  .   (no helmet)
rElec   +          Harm     .   (no cloak)
rCorr   .          Rampage  .   (no gloves)
Will    .....                   (no boots)
Stlth   ..........              (no amulet)
HPRegen 0.09/turn               (no ring)
MPRegen 0.09/turn               (no ring)

@: mighty, very slow
A: sickness immunity, AC +3, negative energy resistance 1, electricity
resistance, torment resistance 1, petrification resistance
a: Renounce Religion, Bend Time


You were on level 2 of the Dungeon.
You worshipped Cheibriados.
Cheibriados was pleased with you.
You visited 1 branch of the dungeon, and saw 2 of its levels.

You collected 98 gold pieces.

Inventory:

Hand Weapons
 a - a +0 flail (weapon)
Armour
 b - a +0 scale mail
 c - a +0 buckler (worn)
 o - a +0 chain mail (worn)
Jewellery
 e - a ring of positive energy
 h - an amulet of faith
Scrolls
 j - 2 scrolls of enchant weapon {unknown}
 k - a scroll of torment {unknown}
 l - a scroll of immolation {unknown}
 m - a scroll of identify
 n - a scroll of noise {unknown}
Potions
 f - a potion of flight {unknown}
 g - 2 potions of heal wounds {unknown}
 i - a potion of magic


   Skills:
 + Level 3.9 Fighting
 + Level 3.2 Maces & Flails
 + Level 3.8 Armour
 + Level 0.3 Dodging
 + Level 3.5 Shields


You had 3 spell levels left.
You didn't know any spells.
Your spell library contained the following spells:

 Spells                   Type           Power      Damage    Failure   Level
 Ozocubu's Armour         Ice            0%         N/A       100%        3
 Summon Guardian Golem    Hex/Summ       0%         N/A       100%        3
 Summon Ice Beast         Ice/Summ       0%         N/A       100%        4
 Summon Mana Viper        Hex/Summ       0%         N/A       100%        5
 Monstrous Menagerie      Summ           0%         N/A       100%        7
 Orb of Destruction       Conj           0%         9d5       100%        7
 Ozocubu's Refrigeration  Ice            0%         4d5       100%        7
 Spellforged Servitor     Conj/Summ      0%         N/A       100%        7


Dungeon Overview and Level Annotations

Branches:
Dungeon (2/15)

Altars:
Cheibriados


Innate Abilities, Weirdness & Mutations

You are immune to sickness and miasma.
Your stone body is resilient. (AC +3)
You are immune to poison.
You resist negative energy. (rN+)
You are resistant to electric shocks. (rElec)
You are resistant to unholy torment.
You are immune to petrification.


Message History

The endoplasm attacks as you move away!
The endoplasm hits you but does no damage.
The endoplasm freezes you.
You are frozen.
You sock the endoplasm!
You kill the endoplasm!
Cheibriados thoroughly appreciates the change of pace.
You feel very mighty all of a sudden. The gnoll hits you with a +0 spear.
The gnoll barely misses you.
You barely miss the gnoll. The gnoll hits you but does no damage.
You hit the gnoll.
The gnoll is lightly wounded.
The gnoll barely misses you.
You barely miss the gnoll.
The gnoll is lightly wounded.
The gnoll hits you but does no damage.
You bludgeon the gnoll!!
You kill the gnoll!
Cheibriados thoroughly appreciates the change of pace.
The gnoll hits you with a +0 flail.
* * * LOW HITPOINT WARNING * * *
The gnoll hits you but does no damage.
You barely miss the gnoll. The gnoll closely misses you.
The gnoll hits you but does no damage.
You closely miss the gnoll. You block the gnoll's attack.
The gnoll closely misses you.
You sock the gnoll!
The gnoll is heavily wounded.
The gnoll hits you but does no damage. You block the gnoll's attack.
The gnoll hits you but does no damage. x2
You closely miss the gnoll.
The gnoll is heavily wounded.
The gnoll hits you with a +0 flail.
* * * LOW HITPOINT WARNING * * *
The gnoll hits you from afar with a +0 spear.
* * * LOW HITPOINT WARNING * * *
You barely miss the gnoll.
The gnoll is heavily wounded.
The gnoll hits you with a +0 flail!
You die...

#. #...≈≈≈.♣≈.#### #.
#.≈...≈♣.≈≈≈ #.
#.#.)?≈.≈.≈≈.# #.
#........#### #.
.........g...# ###
.........g.#.# #.†
.#####...###g# #.#
#...# #g# #.# ##.## #@#
#.# #.# #.# #.# #. #.##
##########.#
...##.#.####..........#
..###........#######
###.#.#######.# #.##
#.####### #.#
######........
#.###...##########


You could see 2 gnolls.

Vanquished Creatures
  An adder (D:2)
  2 gnolls (D:2)
  2 dart slugs (D:1)
  5 ball pythons
  3 bats
  9 endoplasms
  3 giant cockroaches
  5 goblins (D:1)
  A hobgoblin (D:2)
  14 kobolds (D:2)
  A quokka (D:1)
  2 frilled lizards
  A rat (D:1)
49 creatures vanquished.

Vanquished Creatures (others)
  7 toadstools (D:1)
7 creatures vanquished.

Grand Total: 56 creatures vanquished

Notes
Turn   | Place    | Note
-------+----------+-------------------------------------------
     0 | D:1      | Jortsu the Gargoyle Fighter began the quest for the Orb.
     0 | D:1      | Reached XP level 1. HP: 14/14 MP: 1/1
   157 | D:1      | Reached XP level 2. HP: 16/20 MP: 2/2
   237 | D:1      | Found a faded altar of an unknown god.
   245 | D:1      | Prayed at the altar of an unknown god.
   245 | D:1      | Became a worshipper of Cheibriados the Contemplative
   245 | D:1      | Reached * piety under Cheibriados
   576 | D:1      | Reached XP level 3. HP: 19/24 MP: 3/3
  1366 | D:2      | Reached ** piety under Cheibriados
  1407 | D:2      | Reached XP level 4. HP: 27/29 MP: 4/4
  2155 | D:2      | Slain by a gnoll

Illustrated notes

Levels and vault maps discovered:
D:1:      nagdon_arrival_double_spiral, layout_basic,
          hellmonk_ecumenical_altar_crossroads
D:2:      layout_loops_ring, chequers_serial_rivers_marsh,
          minmay_goblin_kobold_house

Skill      XL: |  1  2  3 |
---------------+----------+-----
Maces & Flails | 3 |  3.2
Fighting       | |  3.9
Armour         | |  3.8
Dodging        | |  0.3
Shields        | |  3.5

Action                   |  1- 3 |  4- 6 || total
-------------------------+-------+-------++-------
Melee: Flail             |    87 |    48 ||   135
  Use: Scroll            |     1 |       ||     1
       Potion            |       |     1 ||     1
Armor: Scale mail        |    56 |    42 ||    98
       Chain mail        |       |    10 ||    10
Dodge: Dodged            |    42 |    36 ||    78
Block: Buckler           |    23 |    19 ||    42

Table legend: (Time is in decaauts)
 A = Elapsed time spent in this place.
 B = Non-inter-level travel time spent in this place.
 C = Inter-level travel time spent in this place.
 D = Time resting spent in this place.
 E = Time spent auto-exploring this place.
 F = Levels seen in this place.
 G = Mean time per level.
                   A        B        C        D        E       F      G
               +--------+--------+--------+--------+--------+-----+--------+
         Total |   2714 |   2707 |      7 |    192 |   1976 |   2 | 1357.0 |
       Dungeon |   2714 |   2707 |      7 |    192 |   1976 |   2 | 1357.0 |
               +--------+--------+--------+--------+--------+-----+--------+

Top non-repeatable levels by time:
     D:2: 1381 daAuts
     D:1: 1333 daAuts
